Map: El Dorado

Players

wootwoot - Winner!

  • Race: Zerg Zerg
  • League: Platinum
  • Spawn Location: 5:00

Stinky

  • Race: Terran Terran
  • League: Diamond
  • Spawn Location: 7:00

VOD

Have the link to the VOD?

Description

Time

  • Played on: April 21, 2025, 1:58 p.m.
  • Length: 11:01
Show
View Real Time Build Order
Export as new Build Order

wootwoot Zerg - Winner!

Build Orders: Hatch First, Zergling Baneling 

Get SALT Encoding   

  12  0:00  Drone  
  13  0:12  Overlord  
  13  0:17  Drone  
  14  0:31  Drone x2  
  16  0:48  Hatchery  
  15  0:51  Drone  
  15  0:55  Drone  
  17  0:59  Drone  
  17  1:01  Extractor  
  17  1:16  Spawning Pool  
  16  1:19  Drone  
  16  1:23  Drone  
  18  1:28  Drone  
  19  1:39  Overlord  
  19  2:03  Queen, Metabolic Boost  
  19  2:06  Queen  
  23  2:13  Zergling x2  
  23  2:14  Zergling x2  
  25  2:20  Zergling x4  
  27  2:29  Baneling Nest  
  26  2:30  Drone  
  27  2:45  Zergling x8  
  31  2:51  Zergling x2  
  31  2:57  Zergling x2  
  31  2:58  Zergling x2  
  34  3:08  Overlord x2  
  34  3:16  Zergling x4  
  36  3:22  Overlord  
  36  3:37  Baneling x7  
  36  3:41  Zergling x4  
  37  3:48  Zergling x4  
  39  3:59  Zergling x6  
  38  4:10  Baneling  
  38  4:11  Baneling x4  
  38  4:18  Zergling x6  
  40  4:30  Zergling x2  
  40  4:31  Zergling x6  
  41  4:33  Zergling x2  
  41  4:40  Drone x2  
  41  4:45  Zergling x2  
  43  4:46  Zergling x2  
  44  4:53  Zergling x2  
  44  4:54  Zergling x2  
  45  5:02  Drone x3  
  48  5:13  Drone  
  48  5:14  Drone  
  50  5:15  Drone  
  51  5:22  Drone x3  
  51  5:28  Drone x2  
  56  5:33  Overlord  
  56  5:44  Overlord  
  56  5:45  Drone x3  
  59  5:51  Overlord  
  59  5:55  Drone  
  60  5:59  Lair  
  60  6:03  Extractor  
  60  6:04  Extractor x2  
  58  6:08  Drone x4  
  58  6:10  Drone  
  62  6:12  Drone  
  62  6:16  Drone  
  64  6:20  Drone x3  
  67  6:33  Drone x2  
  69  6:42  Drone x6  
  75  7:01  Spire  
  74  7:20  Hatchery  
  73  7:26  Overlord x2  
  73  7:27  Overlord x2  
  73  7:31  Hatchery  
  73  7:32  Extractor x2  
  70  8:12  Mutalisk x11  
  92  8:23  Mutalisk  
  94  8:34  Mutalisk x2  
  94  8:36  Overlord  
  94  8:37  Overlord x2  
  98  8:46  Mutalisk  
  100  8:53  Queen  
  100  8:54  Queen  
  104  8:55  Drone  
  104  8:56  Drone x8  
  113  9:06  Mutalisk x3  
  119  9:17  Mutalisk  
  119  9:18  Mutalisk  
  119  9:20  Overlord x3  
  123  9:31  Mutalisk x2  
  123  9:36  Overlord  
  127  9:44  Drone x7  
  134  9:55  Drone x9  
  134  9:59  Extractor  
  142  10:00  Extractor  
  141  10:33  Mutalisk x10  
Show
View Real Time Build Order
Export as new Build Order

Stinky Terran 

Build Orders:  

Get SALT Encoding   

  12  0:00  SCV  
  13  0:13  SCV  
  14  0:20  Supply Depot  
  14  0:25  SCV  
  15  0:41  SCV  
  16  0:43  Barracks  
  16  0:55  SCV  
  17  1:00  Supply Depot  
  17  1:07  SCV  
  18  1:19  SCV  
  19  1:31  Command Center  
  19  1:34  SCV  
  20  1:43  Marine  
  21  1:48  Orbital Command  
  21  1:56  Bunker  
  21  2:05  Marine  
  22  2:09  Bunker  
  23  2:15  SCV  
  23  2:22  Marine  
  23  2:27  Supply Depot  
  24  2:39  Supply Depot  
  24  2:42  Marine  
  25  2:52  SCV  
  26  3:00  Marine  
  26  3:04  Orbital Command  
  26  3:05  SCV  
  28  3:17  SCV  
  28  3:18  Marine  
  30  3:29  SCV  
  30  3:31  SCV  
  32  3:36  Marine  
  32  3:41  SCV  
  34  3:44  Barracks  
  34  3:45  Barracks  
  34  3:46  Barracks  
  34  3:48  SCV, Barracks  
  34  3:53  SCV, Marine  
  23  4:11  Marine  
  24  4:29  Marine  
  25  4:36  Supply Depot, Marine x2  
  25  4:37  Marine x2  
  16  4:47  Marine  
  1  9:31  Supply Depot  
  1  10:03  Supply Depot  
Tags
 
Matchup
TvZ
Replay Pack
#1B2M-Replays
Spawn Locations
Close Positions
Add a new tag
Caveats
  • Supply blocks, unpowered buildings, or Contaminate may cause inaccurate times.
  • Supply counts are checked every 10 seconds.